 Seeded DCSS version 0.30.1-9-gdf580d7c3d (webtiles) character file.

Game seed: 12315203123874685888 (custom seed)

686 Psyclone the Destroyer (level 7, -1/36 HPs)
             Began as a Deep Elf Conjurer on Oct 1, 2023.
             Killed from afar by an orc wizard (3 damage)
             ... with a puff of flame
             ... on level 5 of the Dungeon.
             The game lasted 00:13:31 (4273 turns).

Psyclone the Destroyer (Deep Elf Conjurer)          Turns: 4273, Time: 00:13:32

Health: -1/36      AC:  6    Str:  4    XL:     7   Next: 35%
Magic:  11/19      EV: 13    Int: 25    God:
Gold:   244        SH:  5    Dex: 19    Spells: 5/19 levels left

rFire   + . .        a - +0 dagger (protect)
rCold   + . .        (no shield)
rNeg    . . .        g - +0 robe
rPois   .            c - +2 helmet
rElec   .            j - scarf {rC+ rF+}
rCorr   .            s - +0 pair of gloves
SInv    .            (no boots)
Will    .....        n - amulet of reflection
Stlth   ++           r - +6 ring of dexterity
HPRegen 0.26/turn    (no ring)
MPRegen 0.16/turn

%: reflection
@: no status effects
A: no striking features
a: no special abilities


You were on level 5 of the Dungeon.
You visited 1 branch of the dungeon, and saw 5 of its levels.

You collected 277 gold pieces.
You spent 33 gold pieces at shops.

Inventory:

Hand Weapons
 a - a +0 dagger of protection (weapon)
Missiles
 d - 11 poisoned darts
Armour
 c - a +2 helmet (worn)
 g - a +0 robe (worn)
 j - a scarf of resistance (worn)
 s - a +0 pair of gloves (worn)
Jewellery
 n - an amulet of reflection (around neck)
 q - a ring of fire
 r - a +6 ring of dexterity (left hand)
Wands
 l - a wand of charming (4)
Scrolls
 f - a scroll of vulnerability
 h - 3 scrolls of fog
 m - a scroll of noise {unknown}
 p - a scroll of silence {!r}
 t - a scroll of enchant armour {unknown}
 w - a scroll of magic mapping
 y - a scroll of teleportation {unknown}
Potions
 b - a potion of magic
 e - 2 potions of haste
 i - 2 potions of curing
 k - 2 potions of mutation {unknown}
 o - a potion of resistance
 u - a potion of brilliance {unknown}
 v - a potion of heal wounds
 x - 2 potions of lignification
 z - 2 potions of flight {unknown}


   Skills:
 - Level 2.4 Dodging
 - Level 2.4 Stealth
 + Level 6.7 Spellcasting
 * Level 8.5 Conjurations
 + Level 0.6 Ice Magic


You had 5 spell levels left.
You knew the following spells:

 Your Spells              Type           Power      Damage    Failure   Level
a - Magic Dart            Conj           100%       1d8       1%          1
b - Searing Ray           Conj           100%       2d8       1%          2
c - Ozocubu's Armour      Ice            11%        N/A       16%         3
d - Fulminant Prism       Conj/Hex       14%        3d9       12%         4
e - Iskenderun's Mystic   Conj/Tloc      29%        2d7       12%         4

Your spell library contained the following spells:

 Spells                   Type           Power      Damage    Failure   Level
 Dazzling Flash           Conj/Hex       58%        N/A       3%          3
 Mephitic Cloud           Conj/Pois/Air  22%        N/A       6%          3
 Call Imp                 Summ           16%        N/A       11%         2
 Lesser Beckoning         Tloc           16%        N/A       11%         2
 Call Canine Familiar     Summ           8%         N/A       21%         3
 Gell's Gravitas          Tloc           8%         N/A       21%         3
 Portal Projectile        Hex/Tloc       16%        N/A       21%         3
 Teleport Other           Tloc           8%         N/A       21%         3
 Leda's Liquefaction      Hex/Erth       4%         N/A       56%         4
 Metabolic Englaciation   Hex/Ice        5%         N/A       86%         5
 Simulacrum               Ice/Necr       5%         N/A       100%        6


Dungeon Overview and Level Annotations

Branches:
Dungeon (5/15) Zot: 25743
 Temple: D:4-7

Altars:

Shops:
D:1 :[   D:5 (:!

Annotations:
D:5 2 transporters


Message History

(Press . to maintain the ray.)
The orc wizard shouts!
The orc priest shouts!
You hear a shout!
An orc comes into view. It is wielding a +0 hand axe.
The orc wizard gestures at you while chanting.
The magic dart hits you!
An iguana comes into view.
You take 7 damage, and have 29/36 hp.
You now have 16/18 mp.
The iguana hisses angrily.
An orc priest comes into view. It is wielding a +0 club.
You now have 15/18 mp.
The searing ray hits the orc priest!
The orc priest is heavily wounded.
The orc priest calls down the wrath of Beogh upon you.
Beogh smites you!
You take 15 damage, and have 14/36 hp.
MASSIVE DAMAGE!!
You now have 14/18 mp.
The searing ray hits the orc priest!
You kill the orc priest!
You finish channelling your searing ray.
The orc priest begins to cast a cantrip, but forgets the words!
You now have 13/19 mp.
Casting: Searing Ray (safe; 1% risk of failure)
Confirm with . or Enter, or press ? or * to list all spells.
Aiming: Searing Ray (safe; 1% risk of failure)
Press: ? - help, Shift-Dir - straight line, f - orc wizard
Aim: an orc wizard, wielding a +0 dagger and wearing a +0 robe of fire resistance (79% to hit)
The searing ray hits the orc wizard.
The orc wizard is moderately wounded. (Press . to maintain the ray.)
The orc priest looks encouraged for a moment.
The orc wizard points at you and mumbles some strange words.
The puff of flame hits you. You resist.
You take 3 damage, and have 11/36 hp.
You now have 11/19 mp.
The searing ray misses the orc wizard.
The orc priest mumbles some strange prayers to Beogh against you.
Beogh smites you!
* * * LOW HITPOINT WARNING * * *
You take 9 damage, and have 2/36 hp.
MASSIVE DAMAGE!!
You now have 10/19 mp.
The orc wizard casts a spell at you. The puff of flame hits you. You resist.
You die...

.. #o# ##.. #. #l. #. #o#
.######### #####.#### #(#
#.#.#8P#~~~~~ #........# ##.#
#...#..#~~~P~ #........# #..#
#..©#©[+~~~⌠~ #........###@##
...#..#S~~~~ #........#...#
#.#8P#SS~~~ #..........###
#.######### #.........##
#.#.......... #...<......#
#.........### #~~~~~##...####
#####.###...# #~###~.#......##
##.# ###.#
##~#∩#~.........#####..####...
#.~#'#~..........†..........#.


You could see an iguana, an orc wizard and an orc.

Vanquished Creatures
  An ice beast (D:3)
  2 ogres
  A scorpion (D:5)
  3 hounds
  2 orc priests (D:5)
  A jelly (D:4)
  4 gnolls (D:3)
  4 adders
  A white imp (D:5)
  4 worms
  3 dart slugs
  10 endoplasms
  4 giant cockroaches
  15 goblins
  12 hobgoblins
  5 kobolds
  4 quokkas
  6 ball pythons
  10 bats
  2 frilled lizards
  10 rats
104 creatures vanquished.

Vanquished Creatures (others)
  4 fulminant prisms
4 creatures vanquished.

Grand Total: 108 creatures vanquished

Notes
Turn   | Place    | Note
-------+----------+-------------------------------------------
     0 | D:1      | Psyclone the Deep Elf Conjurer began the quest for the Orb.
     0 | D:1      | Reached XP level 1. HP: 10/10 MP: 6/6
   136 | D:1      | Found a faded altar of an unknown god.
   227 | D:1      | Reached XP level 2. HP: 5/15 MP: 0/8
   258 | D:1      | Learned a level 2 spell: Searing Ray
   465 | D:1      | Found Wedux's Book Shop.
   468 | D:1      | Reached skill level 5 in Conjurations
   595 | D:1      | Reached XP level 3. HP: 19/19 MP: 1/10
   672 | D:1      | Found Fosurgh's Armour Emporium.
  1568 | D:2      | Reached XP level 4. HP: 24/24 MP: 7/12
  2401 | D:3      | Reached skill level 6 in Conjurations
  2517 | D:3      | Reached XP level 5. HP: 25/28 MP: 5/14
  2684 | D:3      | Noticed a black bear
  2691 | D:3      | Learned a level 4 spell: Fulminant Prism
  2696 | D:3      | Learned a level 4 spell: Iskenderun's Mystic Blast
  3232 | D:4      | Noticed an ogre
  3254 | D:4      | Killed an ogre
  3255 | D:4      | Reached skill level 5 in Spellcasting
  3255 | D:4      | Reached skill level 7 in Conjurations
  3276 | D:4      | Reached XP level 6. HP: 32/32 MP: 5/16
  3282 | D:4      | Noticed an ice beast
  3381 | D:3      | Killed an ice beast
  3954 | D:5      | Entered Level 5 of the Dungeon
  4009 | D:5      | Reached skill level 8 in Conjurations
  4009 | D:5      | Reached XP level 7. HP: 36/36 MP: 10/18
  4088 | D:5      | Learned a level 3 spell: Ozocubu's Armour
  4117 | D:5      | Found Kunwy's Distillery.
  4121 | D:5      | Bought a potion of curing for 33 gold pieces
  4136 | D:5      | Found a transporter.
  4170 | D:5      | Found a transporter.
  4189 | D:5      | Found Egabuh's Book Shoppe.
  4243 | D:5      | Found Plog's Weapon Shoppe.
  4273 | D:5      | Killed from afar by an orc wizard

Illustrated notes

Levels and vault maps discovered:
D:1:      dpeg_arrival_brainrot, layout_rooms, serial_shops,
          nicolae_shop_advertising_works [nicolae_subvault_shop_adworks],
          nicolae_square_shop, shapermc_ecumenical_altar_starsandcircs,
          minmay_bisected
D:2:      layout_rooms, kennysheep_another_room, minmay_3d_cube
D:3:      layout_loops_ring, st_stairs_14
D:4:      layout_cave_pools, serial_bayou_pond_b
D:5:      gammafunk_steamed_eel, layout_rooms, serial_shops,
          nicolae_shop_bloodbath_and_beyond, nicolae_shop_back_alley_shop,
          nicolae_shop_peninsula, kennysheep_mini_moat, nicolae_shop_stone,
          chequers_decorated_corner

Skill      XL: |  1  2  3  4  5  6 |
---------------+-------------------+-----
Conjurations   | 5 6 7 8 |  8.5
Spellcasting   | 4 5 6 |  6.7
Dodging        | |  2.4
Stealth        | |  2.4
Ice Magic      | |  0.6

Action                     |  1- 3 |  4- 6 |  7- 9 || total
---------------------------+-------+-------+-------++-------
  Melee: Dagger            |    27 |    17 |       ||    44
   Cast: Magic Dart        |    91 |    62 |     2 ||   155
         Searing Ray       |     3 |    13 |     4 ||    20
         Fulminant Prism   |       |     4 |       ||     4
    Use: Scroll            |       |     5 |       ||     5
         Potion            |       |     5 |       ||     5
   Stab: Sleeping          |       |     3 |       ||     3
 Armour: Robe              |     9 |     6 |     1 ||    16
  Dodge: Dodged            |    25 |    20 |     1 ||    46
  Block: Other             |       |     7 |       ||     7
         Reflection        |       |     1 |       ||     1
